Map: Dusk Towers

Players

capac

  • Race: Terran Terran
  • League: Gold

Johannes - Winner!

  • Race: Zerg Zerg
  • League: Gold

VOD

Have the link to the VOD?

Description

Time

  • Played on: Feb. 18, 2016, 3:53 p.m.
  • Length: 28:47
Show
View Real Time Build Order
Export as new Build Order

capac Terran 

Build Orders: MMM Bio 

Get SALT Encoding   

  12  0:00  SCV  
  13  0:12  SCV  
  14  0:18  Supply Depot  
  14  0:25  SCV  
  15  0:40  SCV  
  15  0:41  Barracks  
  15  0:56  Supply Depot  
  15  0:59  SCV  
  16  1:11  SCV  
  17  1:13  Refinery  
  17  1:23  SCV  
  18  1:31  Marine  
  19  1:35  SCV  
  20  1:48  Orbital Command  
  20  1:55  Marine  
  21  2:05  Command Center  
  21  2:19  SCV  
  22  2:27  Barracks Reactor  
  22  2:31  SCV  
  23  2:43  SCV  
  24  2:49  Factory  
  24  2:55  Refinery, Barracks, SCV  
  25  3:07  SCV  
  25  3:10  Marine  
  25  3:11  Marine  
  27  3:19  SCV  
  28  3:28  Marine x2  
  30  3:36  Factory Reactor  
  30  3:38  Starport  
  30  3:40  SCV  
  31  3:43  Barracks Tech Lab  
  31  3:45  Barracks  
  31  3:46  Marine x2  
  33  3:56  Orbital Command  
  33  4:02  Marine  
  34  4:06  Stimpack  
  34  4:08  SCV  
  35  4:15  Refinery  
  35  4:20  SCV  
  36  4:25  Marine x3, SCV  
  40  4:36  Medivac x2  
  44  4:41  SCV  
  44  4:42  SCV  
  46  4:47  Factory Tech Lab  
  46  4:53  Supply Depot  
  46  5:00  Barracks Reactor  
  46  5:14  Marine x3  
  46  5:15  Siege Tank, SCV x2  
  54  5:26  Liberator  
  54  5:38  Supply Depot  
  54  5:43  Marine x2  
  54  5:44  SCV x2  
  54  5:47  Supply Depot  
  61  5:52  Marine  
  61  5:54  Barracks  
  62  6:00  Marine x2, SCV x2  
  62  6:01  Refinery, Marine  
  67  6:09  Combat Shields  
  67  6:19  Liberator  
  55  6:33  Marine x3  
  55  6:34  Marine x2  
  55  6:38  Siege Tank  
  55  6:39  SCV x2  
  68  6:43  Supply Depot  
  68  6:44  Supply Depot, Barracks Reactor  
  68  6:51  Marine x3, SCV x2  
  68  6:53  Marine  
  74  6:55  Marine  
  75  7:09  Marine x3  
  75  7:11  Marine  
  79  7:18  SCV x2  
  79  7:20  Marine  
  82  7:30  SCV x2  
  84  7:42  SCV  
  85  7:47  Command Center  
  85  7:51  Marine  
  85  7:52  Marine x6  
  92  7:59  Medivac  
  93  8:08  Medivac  
  89  8:27  Marine x4  
  89  8:28  Marine  
  94  8:45  Engineering Bay  
  94  8:57  Supply Depot  
  94  9:07  Marine  
  94  9:08  Marine  
  94  9:09  Marine  
  94  9:10  Marine  
  94  9:12  Marine x2  
  94  9:13  Marine  
  90  9:22  Missile Turret  
  89  9:25  Marine  
  89  9:26  Marine  
  89  9:29  Marine  
  92  9:52  Missile Turret  
  92  9:53  Missile Turret  
  92  9:54  Marine, Missile Turret  
  92  9:55  Marine x6  
  99  10:02  Medivac  
  101  10:10  Supply Depot, Medivac  
  101  10:12  Marine  
  104  10:17  Marine  
  104  10:18  Marine x5  
  110  10:25  SCV x2  
  97  10:54  Marine x3  
  97  10:55  Marine x4  
  73  11:12  Marine x5  
  73  11:13  Marine x2  
  80  11:30  Marine x5  
  85  11:34  SCV x2  
  85  11:36  Missile Turret  
  87  11:47  SCV x2  
  87  11:48  SCV  
  90  12:00  SCV x3  
  93  12:08  Missile Turret  
  93  12:20  Missile Turret  
  93  12:21  SCV x3  
  91  12:30  Missile Turret  
  91  12:31  Liberator x2  
  90  12:38  SCV x3  
  93  12:50  Supply Depot  
  99  13:00  Missile Turret  
  99  13:02  SCV x2  
  101  13:10  Supply Depot  
  101  13:11  SCV  
  102  13:14  Liberator x2  
  102  13:17  Supply Depot  
  102  13:19  SCV x2  
  104  13:30  Marine  
  104  13:31  Marine x5  
  109  14:00  Liberator  
  109  14:26  Liberator  
  109  14:27  Missile Turret  
  109  14:32  Supply Depot  
  109  14:34  Supply Depot  
  109  14:35  Terran Infantry Weapons Level 1, Supply Depot  
  109  14:40  Supply Depot  
  109  14:43  Marine x5  
  117  14:46  Supply Depot  
  117  14:50  Supply Depot  
  117  14:53  Marine x2, SCV x3  
  117  14:58  Refinery  
  122  15:00  Supply Depot  
  122  15:01  Marine  
  122  15:03  Marine, Liberator  
  122  15:04  Marine x3  
  122  15:05  Supply Depot  
  127  15:10  Supply Depot  
  127  15:11  Marine x2  
  129  15:15  Supply Depot  
  129  15:19  Marine  
  129  15:21  Marine x2, Liberator  
  133  15:22  Marine x2  
  137  15:28  Marine  
  136  15:39  Marine x4  
  143  15:47  Liberator  
  135  16:04  Marine  
  135  16:05  Marine x6  
  145  16:25  Command Center  
  145  16:32  Terran Infantry Armor Level 1  
  145  16:33  Liberator x2  
  145  16:52  Marine x6  
  145  16:53  Marine  
  158  17:16  Liberator x2  
  158  17:26  Bunker  
  158  17:28  Bunker  
  158  17:32  Bunker  
  158  17:34  Siege Tank  
  167  17:47  Marine x5  
  172  17:59  Liberator x2  
  172  18:08  Armory  
  172  18:11  Siege Tank  
  181  18:34  Bunker  
  181  18:35  Bunker  
  181  18:39  Marine x2  
  181  18:40  Marine x4  
  187  18:46  Siege Tank  
  190  18:57  Terran Infantry Weapons Level 2  
  190  19:11  Supply Depot  
  190  19:13  Supply Depot  
  190  19:19  Refinery  
  190  19:34  SCV  
  190  19:35  SCV x2  
  147  20:25  Marine x5  
  147  20:26  Marine x2  
  154  20:43  Marine x6  
  159  21:37  Marine  
  159  21:38  Marine x6  
  159  21:55  Marine x3  
  159  21:56  Marine x2  
  89  22:47  Reaper  
  62  23:06  Marine x5  
  62  23:07  Marine  
  68  23:19  Marine  
  69  23:24  Marine x2  
  68  24:02  Marine x4  
  70  24:03  Marine x3  
  75  24:20  Marine x5  
  75  24:21  Marine  
  75  25:01  SCV x3  
  78  25:13  SCV x2  
  80  26:15  SCV x2  
  74  27:22  Liberator x2  
Show
View Real Time Build Order
Export as new Build Order

Johannes Zerg - Winner!

Build Orders: Hatch First, Muta Ling Bane 

Get SALT Encoding   

  12  0:04  Drone  
  13  0:15  Overlord  
  13  0:20  Drone  
  14  0:33  Drone x2  
  16  0:50  Drone x2  
  18  1:04  Drone  
  19  1:12  Drone  
  19  1:17  Hatchery  
  19  1:20  Drone  
  20  1:28  Extractor  
  20  1:31  Drone  
  20  1:32  Spawning Pool  
  19  1:41  Drone  
  20  1:53  Drone  
  21  2:03  Overlord  
  21  2:23  Drone  
  21  2:28  Queen  
  24  2:30  Zergling x4  
  24  2:36  Drone  
  27  2:44  Drone  
  27  2:46  Drone  
  29  2:52  Drone  
  30  3:08  Drone x3  
  33  3:13  Queen  
  33  3:14  Drone  
  33  3:18  Overlord  
  36  3:21  Metabolic Boost  
  36  3:28  Lair  
  36  3:30  Hatchery  
  36  3:31  Drone, Spore Crawler  
  35  3:38  Drone x2  
  35  3:39  Drone  
  38  3:44  Drone x3  
  38  3:45  Overlord  
  41  3:54  Extractor  
  41  3:55  Extractor  
  39  3:58  Baneling Nest  
  40  4:02  Drone x2  
  40  4:03  Drone  
  40  4:09  Drone  
  42  4:14  Drone  
  42  4:15  Drone x2, Spore Crawler  
  44  4:21  Evolution Chamber  
  44  4:23  Drone x3  
  44  4:24  Evolution Chamber, Drone  
  47  4:26  Drone  
  47  4:35  Drone  
  47  4:36  Spire  
  47  4:38  Extractor  
  47  4:43  Zergling x4  
  47  4:44  Zergling x4  
  50  4:48  Zerg Melee Weapons Level 1  
  50  4:54  Drone x4  
  54  5:00  Drone x4  
  58  5:09  Overlord  
  58  5:16  Spine Crawler  
  56  5:27  Queen  
  58  5:32  Drone x8, Spore Crawler  
  58  5:34  Baneling  
  58  5:35  Baneling x4  
  65  5:40  Zergling x2  
  66  5:42  Overlord  
  66  5:43  Overlord  
  66  5:47  Spine Crawler  
  65  5:50  Zergling x2  
  65  5:51  Overlord  
  66  6:01  Zergling x6, Overlord  
  66  6:02  Zergling x2  
  70  6:05  Zerg Flyer Weapons Level 1  
  70  6:08  Zerg Ground Armor Level 1  
  70  6:10  Mutalisk  
  70  6:11  Mutalisk x3  
  72  6:13  Mutalisk  
  80  6:21  Extractor  
  76  6:31  Queen  
  76  6:32  Drone x7  
  82  6:36  Extractor  
  81  6:51  Mutalisk x2  
  81  6:52  Mutalisk x2  
  89  6:55  Drone  
  89  6:56  Overlord x2  
  89  6:57  Drone x5  
  95  7:12  Drone x2  
  97  7:29  Drone x9  
  106  7:30  Hatchery  
  105  7:42  Infestation Pit, Spore Crawler  
  103  7:44  Hatchery  
  103  7:45  Zerg Melee Weapons Level 2, Spore Crawler  
  103  7:46  Centrifical Hooks  
  103  7:48  Queen  
  103  7:54  Spore Crawler  
  100  8:23  Drone x7  
  100  8:24  Overlord x4  
  100  8:25  Overlord x4  
  105  8:42  Zerg Ground Armor Level 2  
  105  8:44  Hive  
  105  8:47  Drone x7  
  112  8:57  Zergling x8  
  116  9:24  Mutalisk x6  
  116  9:25  Mutalisk x2  
  132  9:48  Extractor x2  
  132  9:49  Spore Crawler  
  132  9:50  Spore Crawler  
  132  9:51  Spine Crawler  
  132  9:52  Drone x3  
  130  9:53  Spine Crawler  
  130  9:56  Zerg Flyer Weapons Level 2  
  130  9:59  Adrenal Glands  
  129  10:07  Zergling x30  
  129  10:08  Zergling x12  
  150  10:14  Spore Crawler x2  
  150  10:16  Spore Crawler  
  147  10:21  Zergling x2  
  147  10:22  Zergling x12  
  147  10:24  Baneling x8  
  147  10:25  Baneling x2  
  154  10:34  Hatchery  
  151  10:52  Baneling  
  151  10:53  Baneling x3  
  145  11:23  Drone x3  
  145  11:25  Drone x3  
  151  11:38  Zerg Melee Weapons Level 3, Zerg Ground Armor Level 3  
  151  11:52  Ultralisk Cavern  
  150  12:00  Extractor  
  149  12:04  Extractor  
  148  12:12  Zerg Flyer Weapons Level 3  
  144  12:38  Drone  
  144  12:39  Drone x2  
  147  12:56  Hatchery, Drone x5  
  147  12:57  Drone  
  152  13:00  Chitinous Plating  
  152  13:05  Queen  
  154  13:25  Baneling x7  
  154  13:26  Baneling x11  
  154  13:28  Ultralisk x2  
  154  13:29  Ultralisk x3  
  154  13:31  Overlord x6  
  154  13:32  Overlord  
  178  14:09  Ultralisk x3  
  196  14:18  Extractor  
  196  14:19  Extractor, Spore Crawler x2  
  196  14:20  Spore Crawler  
  196  14:22  Drone x3  
  196  14:23  Spine Crawler  
  193  14:28  Spore Crawler  
  192  14:31  Drone x3  
  192  14:32  Spine Crawler  
  194  14:50  Zerg Flyer Armor Level 1  
  194  15:34  Ultralisk  
  184  16:56  Pneumatized Carapace  
  184  16:57  Burrow  
  184  16:59  Overlord x4  
  184  17:01  Ultralisk x2  
  195  17:04  Zergling x8  
  199  17:26  Baneling x2  
  199  17:28  Baneling x4  
  199  17:29  Baneling x29  
  199  17:30  Baneling  
  199  18:09  Spore Crawler  
  199  18:12  Spore Crawler  
  197  18:14  Spine Crawler  
  197  18:15  Spore Crawler  
  197  18:16  Spore Crawler  
  197  18:17  Drone x5  
  197  18:19  Spore Crawler  
  198  18:22  Spore Crawler  
  198  18:25  Drone x2  
  199  18:29  Spore Crawler x2  
  199  18:30  Spore Crawler  
  199  18:32  Spine Crawler, Spore Crawler x2  
  193  18:35  Zerg Flyer Armor Level 2  
  193  18:46  Spine Crawler, Spore Crawler  
  191  18:48  Spore Crawler  
  191  18:50  Drone x3  
  191  18:52  Drone x8, Spore Crawler x2  
  191  18:55  Spore Crawler  
  198  18:57  Spore Crawler  
  198  19:00  Spore Crawler  
  195  19:03  Spore Crawler  
  195  19:06  Spore Crawler  
  195  19:09  Overseer x2  
  193  19:18  Spine Crawler  
  193  19:20  Spore Crawler  
  191  20:06  Zergling x2  
  189  20:07  Zergling x28  
  171  20:31  Baneling x7  
  171  20:32  Baneling x26  
  171  20:33  Zergling x4  
  171  20:34  Zergling x52  
  182  22:09  Baneling  
  182  22:10  Baneling x27  
  182  22:11  Baneling x28  
  182  22:12  Zergling x12  
  182  22:13  Zergling x22  
  199  22:30  Spine Crawler  
  199  22:33  Spine Crawler  
  176  22:50  Ultralisk x5  
  176  22:51  Ultralisk x2  
  143  23:16  Zergling x28  
  143  23:17  Zergling x32  
  173  23:25  Extractor  
  173  23:26  Extractor  
  170  23:37  Baneling  
  170  23:38  Baneling x11  
  170  23:41  Baneling x16  
  170  23:46  Spore Crawler  
  170  23:47  Spore Crawler  
  168  23:49  Spore Crawler  
  168  23:50  Spore Crawler x2  
  168  23:51  Spore Crawler  
  168  23:52  Spore Crawler  
  168  23:54  Spore Crawler  
  162  25:30  Hatchery  
  161  25:38  Hatchery  
  146  26:00  Hatchery  
  135  27:23  Drone x2  
  135  28:11  Drone x16  
  135  28:12  Drone x10  
  135  28:15  Spore Crawler  
  135  28:18  Spore Crawler  
  133  28:26  Spore Crawler  
  132  28:30  Spore Crawler  
  132  28:33  Spine Crawler  
  130  28:34  Spine Crawler  
  130  28:36  Spore Crawler  
  130  28:37  Spine Crawler, Extractor, Spore Crawler  
  130  28:38  Spine Crawler, Spore Crawler  
  130  28:41  Extractor, Spore Crawler  
Tags
 
Add a new tag
Caveats
  • Supply blocks, unpowered buildings, or Contaminate may cause inaccurate times.
  • Supply counts are checked every 10 seconds.